 Dungeon Crawl Stone Soup version 0.31.0-4-g52a2dc7128 (webtiles) character file.

Game seed: 15481741468408340922

8767 groovy9 the Thaumaturge (level 11, -8/75 HPs)
             Began as a Djinni Ice Elementalist on Jan 21, 2024.
             Was a Believer of Hepliaklqana.
             Mangled by an orc warlord
             ... wielding a +3 heavy great sword
              (37 damage)
             ... on level 9 of the Dungeon.
             The game lasted 00:52:37 (10793 turns).

groovy9 the Thaumaturge (Djinni Ice Elementalist)  Turns: 10793, Time: 00:52:37

Health: -8/75      AC: 17    Str:  7    XL:     11   Next: 61%
Gold:   388        EV: 12    Int: 20    God:    Hepliaklqana [**....] SH:  0 Dex: 15

rFire   + + .        p - +5 dagger (venom)
rCold   . . .        t - orb {mayhem}
rNeg    . . .        g - +0 steam dragon scales
rPois   ∞            n - +1 helmet
rElec   .            (no cloak)
rCorr   .            y - +0 pair of gloves
SInv    +            (boots unavailable)
Will    +....        (no amulet)
Stlth   ++           m - ring of see invisible
HPRegen 0.32/turn    h - ring of protection from cold
MPRegen 0.00/turn

%: mayhem, infuse magic (-9 HP)
@: ice-armoured, freezing walls, flying
A: reduced essence, sickness immunity, fire resistance 2, cold vulnerability 1,
float, innate caster, HP casting, extra vitality 1
a: Renounce Religion, Recall Ancestor, Ancestor Identity


You were on level 9 of the Dungeon.
You worshipped Hepliaklqana.
Hepliaklqana was pleased with you.
You visited 4 branches of the dungeon, and saw 12 of its levels.

You collected 402 gold pieces.
You spent 14 gold pieces at shops.

Inventory:

Hand Weapons
 p - a +5 dagger of venom (weapon)
Missiles
 q - a throwing net
Armour
 g - +0 steam dragon scales (worn)
 n - a +1 helmet (worn)
 t - an orb of mayhem (worn)
 y - a +0 pair of gloves (worn)
Jewellery
 h - a ring of protection from cold (right hand)
 m - a ring of see invisible (left hand)
Wands
 r - a wand of flame (14)
 s - a wand of charming (3)
 A - a wand of iceblast (4)
Scrolls
 f - a scroll of noise
 o - a scroll of vulnerability
 w - a scroll of enchant armour
Potions
 a - a potion of enlightenment
 b - 3 potions of lignification
 d - 3 potions of berserk rage
 e - a potion of cancellation
 i - 4 potions of curing
 j - a potion of attraction
 l - a potion of heal wounds
 v - a potion of might
 z - a potion of mutation {unknown}


   Skills:
 + Level 9.5 Fighting
 - Level 2.1 Dodging
 - Level 1.5 Stealth
 * Level 11.4 Spellcasting
 * Level 11.4 Conjurations
 * Level 11.4 Hexes
   Level 0.0 Charms
 * Level 11.4 Summonings
 * Level 11.4 Necromancy
 * Level 11.4 Translocations
   Level 0.0 Transmutations
 * Level 11.4 Fire Magic
 * Level 11.4 Ice Magic
 * Level 11.4 Air Magic
 * Level 11.4 Earth Magic
 * Level 11.4 Alchemy
 + Level 4.6 Invocations


You knew the following spells:

 Your Spells              Type           Power      Damage    Failure   Level
a - Freeze                Ice            100%       1d10      1%          1
b - Frozen Ramparts       Ice            100%       1d16      1%          3
c - Ozocubu's Armour      Ice            54%        N/A       1%          3
d - Summon Ice Beast      Ice/Summ       54%        N/A       1%          3
e - Necrotise             Necr           100%       1d9       1%          1
f - Lesser Beckoning      Tloc           100%       N/A       1%          2
g - Call Canine Familiar  Summ           54%        N/A       1%          3
h - Summon Lightning Spi  Summ/Air       54%        N/A       1%          4
i - Dimensional Bullseye  Hex/Tloc       27%        N/A       1%          4
Your spell library was empty.

Dungeon Overview and Level Annotations

Branches:
Dungeon (9/15)             Temple (1/1) D:6            Lair (1/5) D:8
    Orc (1/2) D:9

Altars:
Ashenzari
Cheibriados
Dithmenos
Elyvilon
Fedhas
Gozag
Hepliaklqana
Makhleb
Nemelex Xobeh
Okawaru
Qazlal
Ru
Uskayaw
Wu Jian
Xom
Yredelemnul
Zin
The Shining One

Shops:
D:1 :   Orc:1 *


Innate Abilities, Weirdness & Mutations

Your life essence is reduced to manifest your ancestor. (-10% HP)
You are immune to sickness and miasma.
You are immune to poison.
Your flesh is very heat resistant. (rF++)
You are vulnerable to cold. (rC-)
You float through the air rather than walking.
You learn spells naturally, not from books.
Your magical power is your life essence.
You have superior vitality. (+4 MHP)


Message History

The orc barely misses you.
The orc warlord hits you with a +3 heavy great sword!!!
Ouch! That really hurt!
There is a staircase back to the Dungeon here.
Bozidara hits the orc warrior with a +0 flail!
Bozidara blocks the orc warrior's attack.
The orc barely misses you.
The orc high priest hits Bozidara with a +0 war axe.
You fly upwards.
Welcome back to the Dungeon!
There is a staircase to the Orcish Mines here.
The orc warlord attacks as it pursues you!
The orc warlord barely misses you.
Bozidara blocks the orc's attack.
Bozidara hits the orc with a +0 flail!
The orc dies!
Casting: Summon Ice Beast (safe; 1% risk of failure)
Confirm with . or Enter, or press ? or * to list all spells.
Aiming: Freeze (safe; 1% risk of failure)
Press: ? - help, Shift-Dir - straight line, f - orc warlord
Aim: an orc warlord, wielding a +3 heavy great sword and wearing a +0 plate armour (ally target)
Okay, then.
Casting: Freeze (safe; 1% risk of failure)
Confirm with . or Enter, or press ? or * to list all spells.
Casting: Frozen Ramparts (safe; 1% risk of failure)
Press: ? - help, Dir - look around, f - activate The walls around you are covered in ice.
The orc warlord hits you with a +3 heavy great sword!!
* * * LOW HITPOINT WARNING * * *
Casting: Frozen Ramparts (safe; 1% risk of failure)
Confirm with . or Enter, or press ? or * to list all spells.
A film of ice covers your body!
* * * LOW HITPOINT WARNING * * *
Bozidara hits the orc warlord but does no damage.
You feel much better.
The orc warlord hits you with a +3 heavy great sword!!
* * * LOW HITPOINT WARNING * * *
Bozidara hits the orc warlord but does no damage.
Okay, then.
You feel much better.
The orc warlord hits you with a +3 heavy great sword!!!
You die...

.......##..................'.....
.......###.................#.....
.......#.###..[[##.........#.....
.....#...###....##.........#.....
.###.#...#.##...[[.........##....
## #.#....########.........##>...
#........8#.).#....##.........
##........'.o.#....##.........
##......8#)R@#...............
#.).[..######...............
#.).####..............##...#
##....#####'###...##...###'##
#....###....###...##.........
#[.###.#..........#..........
#.###..#..........#..........
#)##...#..........#....##'###
#......#..........#....##...#


You could see the friendly Bozidara the knight and an orc warlord (ally target).

Vanquished Creatures
  A komodo dragon (D:8)
  A troll (Orc:1)
  A hornet (D:9)
  A wyvern (D:9)
  A warg (Orc:1)
  2 wraiths
  A basilisk (Lair:1)
  Menkaure (D:4)
  2 orc warriors
  An ogre (D:5)
  3 centaurs
  2 kobold brigands
  2 bullfrogs
  4 killer bees (D:4)
  2 hounds
  An orc priest (D:3)
  Natasha (D:2)
  An iguana (D:8)
  10 orc wizards
  5 adders
  4 gnolls
  2 dart slugs
  12 orcs
  6 endoplasms
  2 giant cockroaches
  2 goblins
  5 hobgoblins
  3 jackals (D:2)
  4 kobolds
  A quokka (D:1)
  4 ball pythons
  4 bats
  3 frilled lizards
  5 rats
100 creatures vanquished.

Vanquished Creatures (collateral kills)
  A catoblepas (Lair:1)
  A kobold blastminer (Orc:1)
  3 rime drakes
  Psyche (D:8)
  2 trolls (Orc:1)
  The ghost of ProzacElf the Chopper, an amateur HOMo of Beogh (D:4)
  2 wyverns (D:8)
  A basilisk (D:8)
  2 steam dragons
  2 swamp worms (D:8)
  Duvessa (D:6)
  2 water moccasins
  2 ogres
  An ice beast (D:5)
  The ghost of bnnuy the Shooter, an amateur MiHu of Trog (D:4)
  A phantom (D:4)
  2 centaurs (D:8)
  A bullfrog (D:6)
  2 gnoll sergeants
  3 scorpions
  4 wights (D:9)
  Dowan (D:6)
  2 howler monkeys
  A bombardier beetle (D:6)
  2 hounds
  3 jellies
  A gnoll bouda (D:8)
  3 orc priests
  A sleepcap (D:4)
  An iguana (D:6)
  Natasha (D:2)
  7 orc wizards
  14 gnolls
  9 adders
  3 ribbon worms
  A dart slug (D:4)
  26 orcs
  2 ball pythons
  An endoplasm (D:4)
  A giant cockroach (D:4)
  A goblin (D:4)
  4 hobgoblins
  2 quokkas
  A frilled lizard (D:3)
  7 kobolds
131 creatures vanquished.

Vanquished Creatures (others)
  2 ancestors (D:8)
  2 knights
4 creatures vanquished.

Grand Total: 235 creatures vanquished

Notes
Turn   | Place    | Note
-------+----------+-------------------------------------------
     0 | D:1      | groovy9 the Djinni Ice Elementalist began the quest for the
                  | Orb.
     0 | D:1      | groovy9 set off with the following spells memorised:
                  | Freeze, Frozen Ramparts, Ozocubu's Armour, Summon Ice
                  | Beast.
     0 | D:1      | Reached XP level 1. HP: 15/15 MP: 0/0
   160 | D:1      | Found Arapluimm's Book Shop.
   310 | D:1      | Reached XP level 2. HP: 22/22 MP: 0/0
   436 | D:1      | Reached skill level 1 in Fighting
   472 | D:1      | Found a faded altar of an unknown god.
   742 | D:1      | Reached XP level 3. HP: 23/27 MP: 0/0
   742 | D:1      | Learned a level 1 spell: Necrotise
  1110 | D:2      | Reached XP level 4. HP: 17/32 MP: 0/0
  1497 | D:2      | Noticed Natasha
  1505 | D:2      | Killed Natasha
  1506 | D:2      | Reached XP level 5. HP: 22/38 MP: 0/0
  1506 | D:2      | Learned a level 2 spell: Lesser Beckoning
  1750 | D:2      | Noticed Natasha
  1757 | D:2      | Killed Natasha
  2011 | D:3      | Reached skill level 5 in Spellcasting
  2011 | D:3      | Reached skill level 5 in Conjurations
  2011 | D:3      | Reached skill level 5 in Hexes
  2011 | D:3      | Reached skill level 5 in Summonings
  2011 | D:3      | Reached skill level 5 in Necromancy
  2011 | D:3      | Reached skill level 5 in Translocations
  2011 | D:3      | Reached skill level 5 in Fire Magic
  2011 | D:3      | Reached skill level 5 in Ice Magic
  2011 | D:3      | Reached skill level 5 in Air Magic
  2011 | D:3      | Reached skill level 5 in Earth Magic
  2011 | D:3      | Reached skill level 5 in Alchemy
  2025 | D:3      | Reached XP level 6. HP: 22/45 MP: 0/0
  2419 | D:3      | Found a basalt altar of Yredelemnul.
  2661 | D:4      | Noticed Menkaure
  2668 | D:4      | Killed Menkaure
  2669 | D:4      | Reached XP level 7. HP: 26/51 MP: 0/0
  2669 | D:4      | Learned a level 3 spell: Call Canine Familiar
  2847 | D:4      | Found a runed translucent gate.
  2848 | D:4      | Found a runed translucent gate.
  2849 | D:4      | Found a runed translucent gate.
  2868 | D:4      | Noticed ProzacElf's ghost (amateur HOMo)
  2868 | D:4      | Noticed bnnuy's ghost (amateur MiHu)
  3508 | D:4      | Reached XP level 8. HP: 49/58 MP: 0/0
  3735 | D:4      | Found an ornate altar of the Wu Jian Council.
  3853 | D:5      | Entered Level 5 of the Dungeon
  3882 | D:5      | Reached skill level 5 in Fighting
  4494 | D:5      | Reached XP level 9. HP: 62/66 MP: 0/0
  4494 | D:5      | Learned a level 4 spell: Summon Lightning Spire
  5750 | D:6      | Found a sacrificial altar of Ru.
  5770 | D:6      | Found a staircase to the Ecumenical Temple.
  5794 | Temple   | Entered the Ecumenical Temple
  5803 | Temple   | Became a worshipper of Hepliaklqana the Forgotten
  6013 | D:6      | Found a broken altar of Ashenzari.
  6100 | D:6      | Found a glowing silver altar of Zin.
  6227 | D:6      | Found an opulent altar of Gozag.
  6383 | D:6      | Noticed Dowan
  6388 | D:6      | Noticed Duvessa
  6393 | D:6      | Killed Dowan
  6395 | D:6      | Killed Duvessa
  6806 | D:7      | Found a shimmering altar of Xom.
  6890 | D:7      | Reached * piety under Hepliaklqana
  6901 | D:7      | Reached XP level 10. HP: 61/67 MP: 0/0
  7131 | D:7      | You are sucked into a shaft and drop 1 floor!
  7336 | D:8      | Found a burning altar of Makhleb.
  7367 | D:8      | Noticed Psyche
  7389 | D:8      | Killed Psyche
  7390 | D:8      | Reached skill level 10 in Spellcasting
  7390 | D:8      | Reached skill level 10 in Conjurations
  7390 | D:8      | Reached skill level 10 in Hexes
  7390 | D:8      | Reached skill level 10 in Summonings
  7390 | D:8      | Reached skill level 10 in Necromancy
  7390 | D:8      | Reached skill level 10 in Translocations
  7390 | D:8      | Reached skill level 10 in Fire Magic
  7390 | D:8      | Reached skill level 10 in Ice Magic
  7390 | D:8      | Reached skill level 10 in Air Magic
  7390 | D:8      | Reached skill level 10 in Earth Magic
  7390 | D:8      | Reached skill level 10 in Alchemy
  8253 | D:8      | Noticed a komodo dragon
  8262 | D:8      | Killed a komodo dragon
  8263 | D:8      | Reached skill level 1 in Invocations
  8268 | D:8      | Found a staircase to the Lair.
  8479 | D:4      | Killed ProzacElf's ghost
  8482 | D:4      | Killed bnnuy's ghost
  8679 | D:9      | Reached ** piety under Hepliaklqana
  8680 | D:9      | Remembered your ancestor Bozidara as a knight
  9050 | D:9      | Reached XP level 11. HP: 73/73 MP: 0/0
  9050 | D:9      | Learned a level 4 spell: Dimensional Bullseye
  9403 | D:9      | Found a staircase to the Orcish Mines.
  9516 | Lair:1   | Entered Level 1 of the Lair of Beasts
  9516 | Lair:1   | Noticed a catoblepas
 10124 | Lair:1   | Killed a catoblepas
 10299 | Lair:1   | Noticed a catoblepas
 10410 | Orc:1    | Entered Level 1 of the Orcish Mines
 10570 | Orc:1    | Found Otozuits's General Store.
 10580 | Orc:1    | Bought a scroll of noise for 14 gold pieces
 10585 | Orc:1    | Noticed an orc warlord
 10665 | Orc:1    | Noticed an orc high priest
 10793 | D:9      | Mangled by an orc warlord

Illustrated notes

Levels and vault maps discovered:
D:1:      sevenhm_arrival_forest_fort_small_4, layout_basic,
          hellmonk_ecumenical_altar_inner_sanctum, serial_shops,
          nicolae_book_shop_shelving, minmay_tetromino_o2
D:2:      layout_rooms, serial_bayou_crossing, uniq_natasha
D:3:      layout_loops_ring, general_overflow_altar
D:4:      layout_cave_pools, palyth_temple_overflow_mages,
          nzn_wu_jian_contemplation, gammafunk_ghost_cemetery, uniq_menkaure
D:5:      layout_layer_cave
D:6:      layout_rooms, mainiacjoe_overflow_24_doors,
          nicolae_gozag_cash_rules_everything_around_me,
          mainiacjoe_overflow_alcove_4, mainiacjoe_overflow_chevrons,
          minmay_temple_entry_antechambers, uniq_duvessa
D:7:      layout_basic, mainiacjoe_overflow_small_starburst
D:8:      layout_basic, nicolae_overflow_crystal_walls, david_lair_shrubbed,
          worms_lemuel, uniq_psyche
D:9:      layout_gridville, hiddenorc1_lemuel
Temple:   eino_temple_lava
Lair:1:   regret_index_malice_mire, layout_chaotic_city, minivault_11,
          beast_lair_carwin_9
Orc:1:    layout_caves, serial_shops, nicolae_shop_competitors_out_of_business,
          nicolae_shop_scrapyard, nicolae_shop_tiny_real_fake_doors,
          nicolae_orc_flooded_monolith

Skill      XL: |  1  2  3  4  5  6  7  8  9 10 11 |
---------------+----------------------------------+-----
Fighting       | 1 2 3 4 5 7 8 9 |  9.5
Spellcasting   | 4 5 6 7 9 10 11 | 11.4
Conjurations   | 4 5 6 7 9 10 11 | 11.4
Hexes          | 4 5 6 7 9 10 11 | 11.4
Summonings     | 4 5 6 7 9 10 11 | 11.4
Necromancy     | 4 5 6 7 9 10 11 | 11.4
Translocations | 4 5 6 7 9 10 11 | 11.4
Fire Magic     | 4 5 6 7 9 10 11 | 11.4
Ice Magic      | 4 5 6 7 9 10 11 | 11.4
Air Magic      | 4 5 6 7 9 10 11 | 11.4
Earth Magic    | 4 5 6 7 9 10 11 | 11.4
Alchemy        | 4 5 6 7 9 10 11 | 11.4
Invocations    | 2 4 |  4.6
Dodging        | |  2.1
Stealth        | |  1.5

Action                     |  1- 3 |  4- 6 |  7- 9 | 10-12 || total
---------------------------+-------+-------+-------+-------++-------
  Melee: Short sword       |     2 |     7 |       |       ||     9
         Punch             |     1 |       |       |       ||     1
         Dagger            |       |       |       |     1 ||     1
   Cast: Freeze            |    44 |    44 |    26 |     8 ||   122
         Summon Ice Beast  |     1 |    13 |    33 |    24 ||    71
         Necrotise         |     1 |     1 |       |     2 ||     4
         Frozen Ramparts   |       |     3 |    16 |    27 ||    46
         Ozocubu's Armour  |       |     1 |     8 |     9 ||    18
         Call Canine Famil |       |       |    26 |    18 ||    44
         Summon Lightning  |       |       |     7 |    22 ||    29
 Invoke: Recall Ancestor   |       |       |       |     5 ||     5
         Ancestor Life: Kn |       |       |       |     1 ||     1
    Use: Scroll            |       |     6 |     4 |     9 ||    19
         Potion            |       |       |       |     3 ||     3
 Armour: Robe              |    12 |    26 |    46 |       ||    84
         Steam dragon scal |       |       |    10 |    86 ||    96
  Dodge: Dodged            |    20 |    24 |    47 |    51 ||   142
